AoeStats
← Kronosrex

Oasis

508310366Analyzed
4v4 RM · 11d ago on Sep 21, 2026· 141m 12s· 8 players
Game mode
Random Map
Map size
Large (8 player)
Population
200
Speed
Normal
Resources
Standard
Victory
Conquest
Starting age
Dark Age
Ending age
Imperial Age
RankedLock teamsTeams togetherTeam positionsShared explorationLock speedFull tech treeHidden civsTurbo modeCheats
Victory
Defeat
🇨🇴 Huns · Colombia
731
+17
🇨🇱 Britons · Chile
716
+18
🇲🇽 Persians · Mexico
708
+18
🇹🇷 Wu · Türkiye
692
+19
🇦🇷 Goths · Argentina
819
-20
🇦🇷 Magyars · Argentina
794
-20
🇪🇸 Lithuanians · Spain
781
-19
🇪🇸 Spanish · Spain
638
-13
etrolle2514
12:13 Feudal Age
13:46 Wheelbarrow
13:03 Double-Bit Axe
13:10 Horse Collar
15:33 Gold Mining
23:04 Castle Age
23:53 Bow Saw
25:22 Stone Mining
26:09 Gold Shaft Mining
27:52 Stone Shaft Mining
27:22 Heavy Plow
36:25 Imperial Age
34:14 Hand Cart
36:18 Elite War Elephant
37:36 Crop Rotation
37:45 Caravan
37:35 Town Watch
38:08 Masonry
37:49 Heated Shot
38:19 Ballistics
37:51 Guard Tower
37:56 Murder Holes
38:12 Clinker Construction
39:17 Chemistry
40:44 Hoardings
40:37 Conscription
39:59 Sappers
43:15 Scale Barding Armor
45:20 Heavy Camel Rider
47:22 Chain Barding Armor
47:36 Bloodlines
47:27 Husbandry
48:48 Plate Barding Armor
61:33 Light Cavalry
73:55 Two-Man Saw
santiago.ramirez10
6:19 Loom
16:52 Feudal Age
17:23 Horse Collar
17:29 Double-Bit Axe
17:47 Gold Mining
18:49 Wheelbarrow
20:15 Town Watch
24:15 Castle Age
22:35 Fletching
22:46 Padded Archer Armor
22:46 Scale Mail Armor
22:56 Forging
22:52 Scale Barding Armor
26:16 Bow Saw
26:51 Hand Cart
30:13 Bodkin Arrow
30:33 Leather Archer Armor
30:30 Forging
31:02 Town Patrol
32:52 Leather Archer Armor
34:54 Gold Shaft Mining
35:29 Heavy Plow
35:46 Caravan
36:17 Coinage
35:54 Stone Mining
36:33 Thumb Ring
41:33 Imperial Age
40:02 Marauders
40:58 Ballistics
40:49 Masonry
40:34 Murder Holes
40:50 Careening
40:50 Clinker Construction
41:33 Crossbowman
41:33 Elite Skirmisher
42:52 Bracer
43:28 Iron Casting
43:08 Chain Mail Armor
42:58 Scale Barding Armor
44:05 Banking
43:46 Guilds
44:27 Dry Dock
45:11 Two-Man Saw
44:53 Conscription
44:05 Sappers
45:04 Heavy Cavalry Archer
45:14 Pikeman
45:15 Man-at-Arms
45:40 Arson
48:01 Parthian Tactics
49:59 Bloodlines
49:49 Husbandry
49:12 Elite Tarkan
54:21 Chemistry
59:18 Carvel Hull
60:00 Light Cavalry
64:20 Blast Furnace
63:40 Chain Barding Armor
63:29 Halberdier
72:34 Squires
75:22 Cavalier
78:36 Plate Barding Armor
80:15 Paladin
105:07 Hussar
111:57 Capped Ram
Ramizpaşa
1:49 Loom
10:56 Feudal Age
11:28 Double-Bit Axe
11:25 Horse Collar
21:21 Castle Age
19:23 Stone Mining
19:39 Gold Mining
20:24 Fletching
20:37 Padded Archer Armor
21:07 Scale Mail Armor
37:34 Imperial Age
35:05 Bodkin Arrow
35:20 Forging
34:58 Town Watch
35:29 Caravan
36:26 Stone Shaft Mining
36:11 Bow Saw
36:21 Husbandry
37:50 Gold Shaft Mining
38:11 Wheelbarrow
38:14 Leather Archer Armor
38:08 Heavy Plow
38:48 Town Patrol
39:05 Scale Barding Armor
39:48 Coinage
39:56 Guilds
41:04 Banking
41:20 Bracer
40:58 Heavy Hei Guang Cavalry
42:28 Hand Cart
43:52 Iron Casting
43:33 Chain Mail Armor
43:39 Chain Barding Armor
43:45 Ballistics
44:17 Conscription
43:49 Treadmill Crane
44:21 Masonry
45:34 Two-Man Saw
44:58 Elite Fire Archer
45:39 Sitting Tiger
45:57 Heated Shot
47:01 Red Cliffs Tactics
49:58 Chemistry
49:29 Architecture
59:15 Blast Furnace
58:46 Plate Mail Armor
58:05 Pikeman
58:46 Squires
58:31 Arson
59:20 Plate Mail Armor
58:47 Guard Tower
58:52 Murder Holes
59:44 Halberdier
62:07 Elite Skirmisher
77:12 Plate Barding Armor
shentayto
11:11 Feudal Age
13:07 Double-Bit Axe
15:48 Horse Collar
17:24 Wheelbarrow
17:50 Loom
21:25 Castle Age
22:26 Bow Saw
29:02 Forging
28:52 Scale Mail Armor
29:24 Man-at-Arms
33:39 Imperial Age
32:25 Heavy Plow
32:51 Chain Mail Armor
33:11 Iron Casting
32:04 Pikeman
34:08 Ballistics
33:45 Heavy Scorpion
35:33 Squires
36:17 Gold Mining
36:22 Stone Mining
37:37 Two-Man Saw
37:10 Plate Mail Armor
37:15 Iron Casting
38:57 Conscription
38:51 Halberdier
40:25 Iron Casting
40:09 Siphons
42:08 Gold Shaft Mining
43:34 Chemistry
klapausius
10:08 Feudal Age
11:21 Double-Bit Axe
13:15 Man-at-Arms
17:48 Gold Mining
19:30 Horse Collar
21:45 Wheelbarrow
20:55 Loom
26:52 Castle Age
27:16 Pikeman
27:17 Long Swordsman
28:03 Husbandry
31:36 Fervor
31:07 Elite Skirmisher
33:54 Hand Cart
34:06 Stone Mining
35:23 Stone Shaft Mining
35:21 Bow Saw
37:07 Fortified Wall
36:52 Murder Holes
37:08 Town Watch
41:07 Imperial Age
40:25 Bloodlines
40:44 Ballistics
41:38 Caravan
42:17 Cavalier
42:19 Elite Conquistador
43:21 Conscription
43:42 Scale Mail Armor
43:48 Scale Barding Armor
45:15 Chemistry
48:33 Chain Mail Armor
48:19 Padded Archer Armor
48:09 Fletching
50:27 Plate Mail Armor
50:18 Chain Barding Armor
50:09 Forging
m4r7in4k7826
11:52 Feudal Age
16:10 Castle Age
15:18 Double-Bit Axe
15:15 Horse Collar
17:01 Bow Saw
17:00 Heavy Plow
32:04 Imperial Age
31:09 Caravan
33:13 Scale Barding Armor
33:18 Forging
33:12 Scale Mail Armor
33:23 Forging
33:52 Wheelbarrow
33:02 Town Watch
33:05 Loom
33:16 Gold Mining
33:16 Stone Mining
33:44 Perfusion
33:46 Anarchy
34:59 Hand Cart
35:03 Chain Mail Armor
35:24 Iron Casting
36:02 Town Patrol
37:10 Man-at-Arms
39:36 Chemistry
39:40 Blast Furnace
40:28 Two-Man Saw
41:11 Pikeman
41:51 Squires
43:43 Ballistics
43:14 Heated Shot
42:53 Halberdier
44:14 Stone Shaft Mining
44:29 Elite Huskarl
69:16 Onager
Bobarisha
13:40 Feudal Age
18:37 Castle Age
17:56 Double-Bit Axe
18:06 Stone Mining
23:09 Bow Saw
23:48 Horse Collar
24:30 Loom
27:06 Gold Mining
29:41 Heavy Plow
31:42 Corvinian Army
33:27 Bloodlines
33:18 Husbandry
33:46 Scale Barding Armor
36:33 Wheelbarrow
36:26 Chain Barding Armor
40:10 Imperial Age
40:24 Hand Cart
39:56 Loom
40:11 Elite Magyar Huszar
42:07 Gold Shaft Mining
42:39 Two-Man Saw
41:45 Murder Holes
42:03 Masonry
43:18 Plate Barding Armor
77:03 Onager
77:57 Heavy Scorpion
79:28 Town Watch
81:00 Onager
82:37 Ballistics
83:17 Chemistry
82:10 Fletching
82:20 Padded Archer Armor
87:52 Pikeman
Kronosrex
11:02 Feudal Age
11:09 Loom
11:18 Loom
15:55 Castle Age
15:38 Horse Collar
17:37 Heavy Plow
24:11 Wheelbarrow
23:36 Gold Mining
24:56 Double-Bit Axe
26:25 Hand Cart
27:00 Bow Saw
26:41 Town Watch
Connection lost

Rejoining the realm…

Still unreachable

The connection could not be restored.

Session expired

The server has moved on; the page needs a fresh start.